IL
SACRAMENTO RIVER CATS @ LAS VEGAS 51S
09/20/2049
 
TOP OF THE 1ST
Sacramento River Cats batting - Pitching for Las Vegas 51s : RHP Austin Kuhn
Pitching: RHP Austin Kuhn
Batting: RHB Curt Earnest 0-0: Called Strike
0-1: Called Strike
0-2: Ground out 6-3 (Groundball, 6, EV 102.5 MPH)
Batting: RHB Sterling Acosta 0-0: Foul Ball, location: 2F
0-1: SINGLE (Line Drive, 4MD, EV 94.4 MPH)
Batting: RHB Brian Rogers 0-0: Called Strike
0-1: Ball
1-1: SINGLE (Line Drive, 7S, EV 97.5 MPH)
Sterling Acosta to second
Batting: RHB Troy Trice 0-0: Called Strike
0-1: Ball
1-1: Called Strike
Sterling Acosta is caught stealing 3rd base 2-5
Brian Rogers to second
1-2: Strikes out swinging
Top of the 1st over - 0 runs, 2 hits, 0 errors, 1 left on base; Sacramento 0 - Las Vegas 0
BOTTOM OF THE 1ST
Las Vegas 51s batting - Pitching for Sacramento River Cats : RHP J.J. Sykes
Pitching: RHP J.J. Sykes
Batting: RHB Omar Novoa 0-0: Called Strike
0-1: Foul Ball, location: 2F
0-2: Foul Ball, location: 2F
0-2: Ball
1-2: Foul Ball, location: 2F
1-2: Ball
2-2: Ball
3-2: Base on Balls
Batting: SHB Masatoshi Akahoshi 0-0: Ball
1-0: Ball
2-0: Swinging Strike
2-1: Ball
3-1: Base on Balls
Omar Novoa to second
Batting: SHB Justin Wallace 0-0: Ball
1-0: Ball
2-0: Called Strike
2-1: Swinging Strike
2-2: Fly out, F9 (Flyball, 89M, EV 89.4 MPH)
Batting: LHB Bill Armijo 0-0: Ball
1-0: Ball
2-0: Ball
3-0: Fielders Choice at 2nd, 4-6 (Groundball, 34D, EV 103.1 MPH)
Omar Novoa to third
Batting: RHB Andy Carrell 0-0: Ball
1-0: SINGLE (Line Drive, 7S, EV 97.5 MPH)
Omar Novoa scores
Bill Armijo to second
Runner from 2nd tries for 3rd, SAFE, throw by LF made to third
Batting: SHB Nelson Powell 0-0: Called Strike
0-1: Called Strike
0-2: Foul Ball, location: 2F
0-2: Ball
1-2: Ball
2-2: Ground out 4-3 (Groundball, 4, EV 88.1 MPH)
Bottom of the 1st over - 1 run, 1 hit, 0 errors, 2 left on base; Sacramento 0 - Las Vegas 1
TOP OF THE 2ND
Sacramento River Cats batting - Pitching for Las Vegas 51s : RHP Austin Kuhn
Batting: RHB Justin Bonner 0-0: SINGLE (Groundball, 6M, EV 102.5 MPH) (infield hit)
Batting: RHB Tyler Mapes 0-0: Foul Ball, location: 2F
0-1: Ball
1-1: Reached on error, E3 (Groundball, 3, EV 86.9 MPH)
Justin Bonner to second
Batting: RHB Jose Rivera 0-0: Grounds into double play, 5-4-3 (Groundball, 56, EV 106.2 MPH)
Justin Bonner to third
Batting: LHB Franklin Quezada 0-0: Ball
1-0: Ball
2-0: Foul Ball, location: 2F
2-1: Ball
3-1: Called Strike
3-2: Reached on error, E4 (Groundball, 4S, EV 85.0 MPH)
Justin Bonner scores
Batting: SHB Dan Hill 0-0: Called Strike
0-1: Ball
1-1: Ball
2-1: Ball
3-1: Base on Balls
Batting: RHB Curt Earnest 0-0: Ball
1-0: Ball
2-0: Foul Ball, location: 2F
2-1: Fielders Choice at 2nd, 6-4 (Groundball, 6, EV 105.6 MPH)
Top of the 2nd over - 1 run, 1 hit, 2 errors, 2 left on base; Sacramento 1 - Las Vegas 1
BOTTOM OF THE 2ND
Las Vegas 51s batting - Pitching for Sacramento River Cats : RHP J.J. Sykes
Batting: RHB Devine Adams 0-0: Swinging Strike
0-1: Ball
1-1: Ball
2-1: Called Strike
2-2: Foul Ball, location: 2F
2-2: Foul Ball, location: 2F
2-2: Foul Ball, location: 2F
2-2: SINGLE (Flyball, 9S, EV 91.2 MPH)
Batting: RHB Koen van Oort 0-0: Ball
1-0: SINGLE (Line Drive, 6MD, EV 94.4 MPH)
Devine Adams to second
Batting: RHB Fathi Addae 0-0: Ball
1-0: Ball
2-0: Fielders Choice at 2nd, 1-4 (Groundball, P, EV 72.5 MPH)
Devine Adams to third
Batting: RHB Omar Novoa 0-0: Ball
1-0: Called Strike
1-1: SINGLE (Groundball, 34D, EV 107.5 MPH)
Devine Adams scores
Fathi Addae to second
Batting: SHB Masatoshi Akahoshi 0-0: Called Strike
0-1: Foul Ball, location: 2F
0-2: Fly out, F7 (Line Drive, 78M, EV 95.0 MPH)
Batting: SHB Justin Wallace 0-0: Ball
1-0: Called Strike
1-1: Swinging Strike
1-2: Strikes out swinging
Bottom of the 2nd over - 1 run, 3 hits, 0 errors, 2 left on base; Sacramento 1 - Las Vegas 2
TOP OF THE 3RD
Sacramento River Cats batting - Pitching for Las Vegas 51s : RHP Austin Kuhn
Batting: RHB Sterling Acosta 0-0: Called Strike
0-1: Foul Ball, location: 2F
0-2: Foul Ball, location: 2F
0-2: Ball
1-2: Fly out, F8 (Flyball, 78D, EV 103.8 MPH)
Batting: RHB Brian Rogers 0-0: Ball
1-0: Foul Ball, location: 2F
1-1: Called Strike
1-2: SINGLE (Line Drive, 78M, EV 90.0 MPH)
Batting: RHB Troy Trice 0-0: Ball
1-0: Called Strike
1-1: Foul Ball, location: 2F
1-2: Ball
2-2: Strikes out looking
Batting: RHB Justin Bonner 0-0: Foul Ball, location: 2F
0-1: Called Strike
0-2: Ball
1-2: Strikes out swinging
Top of the 3rd over - 0 runs, 1 hit, 0 errors, 1 left on base; Sacramento 1 - Las Vegas 2
BOTTOM OF THE 3RD
Las Vegas 51s batting - Pitching for Sacramento River Cats : RHP J.J. Sykes
Batting: LHB Bill Armijo 0-0: Ball
1-0: Foul Ball, location: 2F
1-1: Ground out U3 (Groundball, 34S, EV 86.9 MPH)
Batting: RHB Andy Carrell 0-0: Called Strike
0-1: Ball
1-1: Ball
2-1: Ball
3-1: Called Strike
3-2: Ground out 6-3 (Groundball, 56, EV 101.9 MPH)
Batting: SHB Nelson Powell 0-0: Called Strike
0-1: Ball
1-1: Ball
2-1: Foul Ball, location: 2F
2-2: Ball
3-2: Strikes out swinging
Bottom of the 3rd over - 0 runs, 0 hits, 0 errors, 0 left on base; Sacramento 1 - Las Vegas 2
TOP OF THE 4TH
Sacramento River Cats batting - Pitching for Las Vegas 51s : RHP Austin Kuhn
Pitching: RHP Shan-tang Chi
Batting: RHB Tyler Mapes 0-0: Ball
1-0: Foul Ball, location: 2F
1-1: Ground out 4-3 (Groundball, 4, EV 106.9 MPH)
Batting: RHB Jose Rivera 0-0: Called Strike
0-1: Called Strike
0-2: Ball
1-2: Ball
2-2: Strikes out looking
Batting: LHB Franklin Quezada 0-0: Ball
1-0: SINGLE (Groundball, 4MS, EV 76.9 MPH) (infield hit)
Batting: SHB Dan Hill 0-0: Ball
1-0: Foul Ball, location: 2F
1-1: Called Strike
Franklin Quezada steals 2nd base (no throw)
1-2: Strikes out swinging
Top of the 4th over - 0 runs, 1 hit, 0 errors, 1 left on base; Sacramento 1 - Las Vegas 2
BOTTOM OF THE 4TH
Las Vegas 51s batting - Pitching for Sacramento River Cats : RHP J.J. Sykes
Batting: RHB Devine Adams 0-0: Swinging Strike
0-1: Fly out, F8 (Flyball, 8RD, EV 87.5 MPH)
Batting: RHB Koen van Oort 0-0: Ball
1-0: Ball
2-0: Called Strike
2-1: Ball
3-1: Called Strike
3-2: Fly out, F8 (Flyball, 8RD, EV 101.9 MPH)
Batting: RHB Fathi Addae 0-0: Ground out 5-3 (Groundball, 56S, EV 88.8 MPH)
Bottom of the 4th over - 0 runs, 0 hits, 0 errors, 0 left on base; Sacramento 1 - Las Vegas 2
TOP OF THE 5TH
Sacramento River Cats batting - Pitching for Las Vegas 51s : RHP Shan-tang Chi
Batting: RHB Curt Earnest 0-0: Called Strike
0-1: Called Strike
0-2: Ball
1-2: Foul Ball, location: 2F
1-2: Ball
2-2: Ball
3-2: Base on Balls
Batting: RHB Sterling Acosta 0-0: Called Strike
0-1: Foul Ball, location: 2F
0-2: Ball
1-2: Foul Ball, location: 2F
1-2: Ball
2-2: Fly out, F7 (Flyball, 78S, EV 86.9 MPH)
Batting: RHB Brian Rogers 0-0: Called Strike
Curt Earnest steals 2nd base
0-1: Foul Ball, location: 2F
0-2: Strikes out looking
Batting: RHB Troy Trice 0-0: Called Strike
0-1: Fly out, F9 (Flyball, 89S, EV 95.6 MPH)
Top of the 5th over - 0 runs, 0 hits, 0 errors, 1 left on base; Sacramento 1 - Las Vegas 2
BOTTOM OF THE 5TH
Las Vegas 51s batting - Pitching for Sacramento River Cats : RHP J.J. Sykes
Batting: RHB Omar Novoa 0-0: Called Strike
0-1: Swinging Strike
0-2: Foul Ball, location: 2F
0-2: Fly out, F7 (Flyball, 78M, EV 81.2 MPH)
Batting: SHB Masatoshi Akahoshi 0-0: Ball
1-0: Ball
2-0: Fly out, F8 (Flyball, 8RM, EV 95.6 MPH)
Batting: SHB Justin Wallace 0-0: Called Strike
0-1: Ground out 6-3 (Groundball, 4, EV 102.5 MPH)
Bottom of the 5th over - 0 runs, 0 hits, 0 errors, 0 left on base; Sacramento 1 - Las Vegas 2
TOP OF THE 6TH
Sacramento River Cats batting - Pitching for Las Vegas 51s : RHP Shan-tang Chi
Batting: RHB Justin Bonner 0-0: Ball
1-0: Foul Ball, location: 2F
1-1: Foul Ball, location: 2F
1-2: Ball
2-2: Ball
3-2: Foul Ball, location: 2F
3-2: Strikes out swinging
Batting: RHB Tyler Mapes 0-0: Hit by Pitch
Batting: RHB Jose Rivera 0-0: Called Strike
Tyler Mapes steals 2nd base
0-1: Called Strike
0-2: Foul Ball, location: 2F
0-2: Ball
1-2: Ball
2-2: Ground out U3 (Groundball, 34S, EV 80.0 MPH)
Tyler Mapes to third
Batting: LHB Franklin Quezada 0-0: Ball
1-0: Foul Ball, location: 2F
1-1: Called Strike
1-2: Ball
2-2: Foul Ball, location: 2F
2-2: Ball
3-2: Ground out 5-3 (Groundball, 56, EV 81.2 MPH)
Top of the 6th over - 0 runs, 0 hits, 0 errors, 1 left on base; Sacramento 1 - Las Vegas 2
BOTTOM OF THE 6TH
Las Vegas 51s batting - Pitching for Sacramento River Cats : RHP J.J. Sykes
Batting: LHB Bill Armijo 0-0: Swinging Strike
0-1: Ball
1-1: SOLO HOME RUN (Flyball, 9D, EV 98.1 MPH), Distance : 370 ft
Batting: RHB Andy Carrell 0-0: Fly out, F7 (Flyball, 7, EV 91.9 MPH)
Batting: SHB Nelson Powell 0-0: Called Strike
0-1: Ball
1-1: Ball
2-1: Ball
3-1: Ground out 3-1 (Groundball, 34S, EV 68.8 MPH)
Batting: RHB Devine Adams 0-0: Ground out 6-3 (Groundball, 6S, EV 65.6 MPH)
Bottom of the 6th over - 1 run, 1 hit, 0 errors, 0 left on base; Sacramento 1 - Las Vegas 3
TOP OF THE 7TH
Sacramento River Cats batting - Pitching for Las Vegas 51s : RHP Shan-tang Chi
Pitching: RHP Jason Vulich
Batting: SHB Dan Hill 0-0: Ball
1-0: Foul Ball, location: 2F
1-1: Ball
2-1: Ground out U3 (Groundball, 34, EV 83.8 MPH)
Batting: RHB Curt Earnest 0-0: Ball
1-0: Swinging Strike
1-1: Foul Ball, location: 2F
1-2: Ball
2-2: Ball
3-2: Strikes out swinging
Batting: RHB Sterling Acosta 0-0: Ball
1-0: Ball
2-0: Called Strike
2-1: Ball
3-1: Swinging Strike
3-2: Foul Ball, location: 2F
3-2: Base on Balls
Batting: RHB Brian Rogers 0-0: Ball
1-0: Ball
2-0: Called Strike
2-1: Swinging Strike
2-2: Fielders Choice at 2nd, 5-4 (Groundball, 56, EV 103.1 MPH)
Top of the 7th over - 0 runs, 0 hits, 0 errors, 1 left on base; Sacramento 1 - Las Vegas 3
BOTTOM OF THE 7TH
Las Vegas 51s batting - Pitching for Sacramento River Cats : RHP J.J. Sykes
Pitching: RHP Sam Drews
Batting: RHB Koen van Oort 0-0: SINGLE (Line Drive, 8RS, EV 95.0 MPH)
Batting: RHB Fathi Addae 0-0: Bunt missed!
0-1: Bunted foul
0-2: Ball
1-2: SINGLE (Flyball, 89S, EV 97.5 MPH)
Koen van Oort to second
Batting: RHB Omar Novoa 0-0: Foul Ball, location: 2F
0-1: Ball
1-1: Fielders Choice at 2nd, 6-4 (Groundball, 6, EV 108.1 MPH)
Koen van Oort to third
Batting: SHB Masatoshi Akahoshi 0-0: Ball
1-0: Called Strike
1-1: Ball
2-1: Ball
3-1: Foul Ball, location: 2F
3-2: Fielders Choice at 2nd, 6-4 (Groundball, 6, EV 103.1 MPH)
Koen van Oort scores
Batting: SHB Justin Wallace 0-0: Ball
1-0: Fly out, F7 (Flyball, 7, EV 89.4 MPH)
Bottom of the 7th over - 1 run, 2 hits, 0 errors, 1 left on base; Sacramento 1 - Las Vegas 4
TOP OF THE 8TH
Sacramento River Cats batting - Pitching for Las Vegas 51s : RHP Jason Vulich
Pitching: RHP Ryan Wilson
Batting: RHB Troy Trice 0-0: Ball
1-0: Foul Ball, location: 2F
1-1: Ball
2-1: Foul Ball, location: 2F
2-2: Strikes out swinging
Batting: RHB Justin Bonner 0-0: Swinging Strike
0-1: Swinging Strike
0-2: Strikes out swinging
Batting: RHB Tyler Mapes 0-0: Ball
1-0: Foul Ball, location: 2F
1-1: Swinging Strike
1-2: Strikes out swinging
Top of the 8th over - 0 runs, 0 hits, 0 errors, 0 left on base; Sacramento 1 - Las Vegas 4
BOTTOM OF THE 8TH
Las Vegas 51s batting - Pitching for Sacramento River Cats : RHP Sam Drews
Batting: LHB Bill Armijo 0-0: Fly out, F6 (Popup, 6, EV 56.2 MPH)
Batting: RHB Andy Carrell 0-0: Called Strike
0-1: Foul Ball, location: 2F
0-2: Ball
1-2: Foul Ball, location: 2F
1-2: SINGLE (Line Drive, 34, EV 109.4 MPH)
Batting: SHB Nelson Powell 0-0: Called Strike
0-1: Ball
1-1: Fly out, F7 (Flyball, 78M, EV 93.8 MPH)
Batting: RHB Devine Adams 0-0: Fly out, F7 (Flyball, 7, EV 87.5 MPH)
Bottom of the 8th over - 0 runs, 1 hit, 0 errors, 1 left on base; Sacramento 1 - Las Vegas 4
TOP OF THE 9TH
Sacramento River Cats batting - Pitching for Las Vegas 51s : RHP Ryan Wilson
Pitching: RHP Brian Wood
Batting: RHB Jose Rivera 0-0: Called Strike
0-1: Foul Ball, location: 2F
0-2: Ball
1-2: Ball
2-2: Foul Ball, location: 2F
2-2: Foul Ball, location: 2F
2-2: Ball
3-2: Strikes out looking
Batting: LHB Franklin Quezada 0-0: Called Strike
0-1: Foul Ball, location: 2F
0-2: Ground out 2-3 (Groundball, 2R, EV 63.8 MPH)
Batting: SHB Dan Hill 0-0: Ball
1-0: Foul Ball, location: 2F
1-1: Ball
2-1: Called Strike
2-2: Strikes out swinging, 2-3 out at first.
Top of the 9th over - 0 runs, 0 hits, 0 errors, 0 left on base; Sacramento 1 - Las Vegas 4
Sunday, July 16th , 2023 - OOTP Baseball 24.6 Build 69